Map: Orbital Shipyard

Players

IlIlIlIlIlIl (Naniwa)

  • Race: Protoss Protoss
  • League: Grandmaster

Miszu - Winner!

  • Race: Terran Terran
  • League: Grandmaster

VOD

Have the link to the VOD?

Description

Time

  • Played on: Feb. 13, 2016, 7:03 p.m.
  • Length: 12:26
Show
View Real Time Build Order
Export as new Build Order

IlIlIlIlIlIl Protoss 

Build Orders: 1 Gate Expand 

Get SALT Encoding   

  12  0:00  Probe (Chrono Boost)  
  13  0:11  Probe (Chrono Boost)  
  14  0:18  Pylon  
  14  0:22  Probe (Chrono Boost)  
  15  0:36  Probe (Chrono Boost)  
  15  0:37  Gateway  
  15  0:40  Assimilator  
  16  0:47  Probe (Chrono Boost)  
  17  0:57  Probe (Chrono Boost)  
  18  1:08  Probe (Chrono Boost)  
  19  1:18  Nexus  
  19  1:28  Cybernetics Core  
  19  1:31  Probe (Chrono Boost)  
  20  1:36  Assimilator  
  20  1:42  Probe (Chrono Boost)  
  21  1:47  Pylon  
  21  1:52  Probe (Chrono Boost)  
  22  2:05  Adept, Mothership Core (Chrono Boost)  
  26  2:12  Warp Gate  
  26  2:24  Probe (Chrono Boost)  
  27  2:30  Probe (Chrono Boost)  
  27  2:34  Robotics Facility, Probe (Chrono Boost)  
  29  2:40  Probe (Chrono Boost)  
  30  2:45  Probe (Chrono Boost)  
  32  2:51  Probe (Chrono Boost)  
  32  2:55  Probe (Chrono Boost)  
  33  2:59  Pylon x2  
  33  3:02  Probe (Chrono Boost)  
  33  3:06  Probe (Chrono Boost)  
  33  3:12  Probe (Chrono Boost)  
  35  3:16  Probe (Chrono Boost)  
  36  3:21  Observer (Chrono Boost), Probe  
  36  3:22  Robotics Bay  
  38  3:28  Gateway, Probe  
  38  3:31  Gateway  
  38  3:34  Probe  
  39  3:40  Probe  
  41  3:42  Warp Prism (Chrono Boost)  
  41  3:44  Probe  
  44  3:49  Pylon  
  44  3:53  Probe  
  44  3:55  Probe  
  45  3:58  Assimilator  
  46  4:04  Assimilator  
  46  4:05  Pylon  
  46  4:07  Probe x2  
  46  4:09  Disruptor (Chrono Boost)  
  48  4:11  Gravitic Drive (Chrono Boost)  
  51  4:19  Probe x2  
  51  4:22  Pylon  
  53  4:34  Probe x2  
  55  4:45  Nexus  
  55  4:47  Probe x2 (Chrono Boost)  
  57  4:53  Twilight Council  
  57  4:54  Forge  
  59  5:00  Probe x2 (Chrono Boost)  
  59  5:01  Observer  
  59  5:03  Pylon  
  59  5:05  Sentry x2  
  64  5:10  Probe x2 (Chrono Boost)  
  66  5:15  Protoss Ground Weapons Level 1, Pylon  
  66  5:17  Pylon  
  66  5:21  Probe x2 (Chrono Boost)  
  68  5:30  Blink (Chrono Boost)  
  68  5:36  Gateway x2  
  68  5:38  Gateway  
  68  5:41  Observer  
  69  5:49  Stalker x3  
  74  5:53  Probe x2  
  76  5:59  Pylon  
  76  6:00  Probe  
  77  6:05  Probe x2  
  77  6:10  Probe  
  79  6:13  Stalker x2  
  79  6:14  Stalker  
  86  6:20  Pylon  
  86  6:21  Probe  
  86  6:23  Probe x2  
  89  6:28  Assimilator  
  89  6:29  Assimilator  
  89  6:32  Probe  
  89  6:35  Probe x2  
  89  6:36  Pylon  
  92  6:41  Stalker x3  
  92  6:44  Stalker  
  100  6:49  Stalker  
  102  6:56  Colossus (Chrono Boost), Pylon  
  102  7:03  Pylon  
  102  7:08  Extended Thermal Lance  
  108  7:12  Pylon  
  108  7:13  Protoss Ground Weapons Level 2  
  108  7:15  Stalker x3  
  111  7:25  Probe x3  
  112  7:31  Pylon  
  112  7:35  Resonating Glaives (Chrono Boost)  
  112  7:37  Probe x2  
  112  7:38  Probe  
  115  7:46  Adept x5  
  115  7:47  Adept  
  115  7:49  Colossus, Photon Cannon  
  128  8:17  Adept x6  
  140  8:24  Pylon  
  140  8:28  Nexus  
  140  8:31  Pylon  
  140  8:37  Templar Archives  
  140  8:38  Warp Prism  
  140  8:40  Dark Shrine  
  142  9:02  Gateway  
  142  9:03  Psionic Storm  
  142  9:05  Gateway  
  142  9:07  Gateway  
  142  9:09  Gateway  
  142  9:14  Observer (Chrono Boost)  
  142  9:15  Photon Cannon  
  143  9:18  Protoss Ground Weapons Level 3  
  143  9:20  High Templar x4  
  143  9:23  Adept x2  
  155  9:29  Photon Cannon  
  155  9:30  Pylon  
  154  9:32  Pylon  
  154  9:33  Pylon, Photon Cannon  
  154  9:37  Stargate  
  152  9:52  Adept  
  152  9:53  Adept x2  
  152  9:54  Adept  
  152  9:55  Adept  
  152  9:56  Dark Templar  
  157  10:21  Adept x6  
  159  10:22  Adept, Dark Templar  
  161  10:40  Phoenix (Chrono Boost)  
  161  10:41  Stalker x5  
  161  10:42  Stalker  
  149  11:09  Fleet Beacon  
  147  11:12  Stargate  
  147  11:24  Adept x5  
  147  11:25  Adept  
  153  11:35  Stalker x2  
  150  11:57  Stalker  
  150  11:58  Stalker x5  
Show
View Real Time Build Order
Export as new Build Order

Miszu Terran - Winner!

Build Orders: Command Center First (CC), MMM Bio 

Get SALT Encoding   

  12  0:02  SCV  
  13  0:14  SCV  
  14  0:24  Supply Depot  
  14  0:26  SCV  
  15  0:45  SCV  
  16  0:58  SCV  
  17  1:04  Command Center  
  17  1:10  SCV  
  18  1:22  SCV  
  18  1:23  Barracks  
  19  1:34  SCV  
  19  1:35  Barracks  
  20  1:46  SCV  
  21  1:48  Barracks  
  21  1:58  SCV  
  22  2:10  Orbital Command  
  22  2:11  Marine  
  23  2:16  Orbital Command  
  23  2:22  Marine  
  23  2:28  Marine  
  25  2:33  Refinery  
  25  2:34  Refinery  
  25  2:35  SCV  
  25  2:36  Marine  
  27  2:40  Marine  
  27  2:42  SCV  
  29  2:46  Marine  
  29  2:48  SCV  
  29  2:51  Supply Depot  
  31  2:55  SCV  
  31  2:58  Marine  
  33  3:00  SCV  
  33  3:04  Supply Depot, Marine  
  36  3:07  Barracks Tech Lab  
  36  3:12  SCV  
  36  3:15  Marine, SCV  
  38  3:22  Marine  
  38  3:24  SCV  
  38  3:26  Marine, Stimpack  
  41  3:27  SCV  
  41  3:33  Marine  
  43  3:34  Supply Depot  
  43  3:36  SCV  
  43  3:39  SCV  
  43  3:40  Marine  
  46  3:43  Factory  
  46  3:44  Marine  
  47  3:48  SCV  
  47  3:51  Marine  
  47  3:52  SCV  
  50  3:58  Marine  
  50  3:59  Supply Depot  
  50  4:00  SCV  
  50  4:02  Marine  
  53  4:05  SCV  
  53  4:09  Marine, Refinery  
  55  4:10  Engineering Bay  
  55  4:13  SCV  
  57  4:17  SCV  
  59  4:25  SCV  
  59  4:29  SCV  
  59  4:30  Starport, Factory Reactor  
  59  4:35  Command Center  
  59  4:38  SCV  
  60  4:41  SCV  
  60  4:44  Refinery  
  62  4:46  Marauder  
  62  4:47  Barracks Reactor  
  62  4:49  Barracks Tech Lab  
  62  4:51  SCV  
  63  4:53  SCV  
  63  4:56  Terran Infantry Weapons Level 1  
  64  5:03  SCV  
  64  5:05  SCV  
  66  5:08  Liberator x2  
  66  5:16  Marine x2  
  66  5:19  SCV  
  69  5:22  Barracks  
  69  5:24  Barracks  
  69  5:27  SCV  
  70  5:43  Combat Shields, Missile Turret  
  70  5:44  Concussive Shells  
  70  5:45  Supply Depot  
  70  5:46  Supply Depot  
  70  5:47  SCV x2  
  70  5:49  Orbital Command  
  72  5:57  Marauder  
  72  5:58  Marauder  
  72  5:59  SCV x2  
  78  6:08  Medivac x2  
  82  6:11  SCV  
  82  6:16  SCV x2  
  85  6:23  SCV  
  86  6:27  Barracks Reactor, Refinery, Barracks Tech Lab  
  86  6:28  Refinery, SCV x2  
  88  6:35  SCV  
  88  6:39  Sensor Tower  
  89  6:40  SCV x2  
  89  6:41  Sensor Tower  
  89  6:43  Starport  
  89  6:47  Fusion Core, SCV  
  91  6:52  SCV x2  
  94  7:00  SCV  
  95  7:04  Terran Infantry Armor Level 1, SCV x2  
  101  7:17  Supply Depot x2, SCV x2  
  101  7:18  SCV  
  101  7:19  Supply Depot  
  101  7:20  Starport Tech Lab  
  101  7:21  Supply Depot  
  100  7:23  Supply Depot  
  100  7:24  Medivac x2  
  101  7:38  Marine x2, Liberator x2  
  101  7:39  Marauder x3, SCV x3  
  109  7:54  Advanced Ballistics  
  109  7:57  Liberator  
  109  7:58  Supply Depot x2, Marine x3  
  116  8:00  Marauder x2  
  116  8:03  Supply Depot  
  116  8:04  Barracks, SCV  
  116  8:05  Supply Depot x2, Barracks  
  123  8:06  Barracks  
  123  8:11  SCV x2  
  125  8:17  SCV  
  129  8:20  Supply Depot x2  
  129  8:24  Marine x2, Marauder x2  
  129  8:25  Marine x3  
  138  8:33  Supply Depot x2  
  138  8:39  Liberator x2  
  138  8:42  Marine x3  
  138  8:43  Marine, Marauder  
  138  8:45  Marauder  
  138  8:46  Marauder  
  147  8:59  Marine, Barracks Tech Lab, Liberator  
  147  9:00  Barracks Reactor, Barracks Tech Lab  
  147  9:02  Marine  
  155  9:05  Marauder  
  155  9:07  Marauder x2  
  155  9:08  Command Center  
  161  9:11  Marine  
  161  9:12  Marine  
  166  9:17  Marine  
  166  9:20  Marine  
  166  9:22  Liberator  
  168  9:37  Marine, Marauder, Liberator  
  174  9:51  Refinery  
  174  9:55  Refinery  
  174  9:56  Marine x2, Marauder  
  174  9:59  Marine  
  184  10:00  Marine, Marauder  
  184  10:01  Marine x4, Marauder  
  177  10:11  Missile Turret  
  177  10:13  Marine  
  177  10:14  Marine  
  165  10:17  Marine x2  
  165  10:18  Marine x5  
  165  10:20  Marine  
  171  10:21  Marine  
  172  10:31  Marine x2  
  172  10:35  Marine, Marauder  
  162  10:36  Marine x3  
  162  10:37  Marauder  
  162  10:39  Marauder  
  162  10:40  Marauder, Liberator x2  
  165  10:49  Marine x2  
  159  10:53  Marine x2  
  159  10:54  Marine x2  
  159  10:57  Marauder  
  161  11:17  SCV x3  
  155  11:29  SCV x2  
  155  11:30  SCV  
  160  11:40  Marauder  
  160  11:41  SCV  
  160  11:42  SCV x2  
  162  11:53  SCV  
Tags
 
Add a new tag
Caveats
  • Supply blocks, unpowered buildings, or Contaminate may cause inaccurate times.
  • Supply counts are checked every 10 seconds.